[Event "Superbet Blitz Poland 2022"]
[Site "Warsaw"]
[Date "2022.05.23"]
[Round "17.5"]
[White "Caruana, Fabiano"]
[Black "So, Wesley"]
[Result "1-0"]
[ECO "D27"]
[WhiteElo "2786"]
[BlackElo "2766"]
[Annotator "TA"]
[PlyCount "159"]
[EventDate "2022.05.22"]
[EventType "tourn"]
[EventCountry "POL"]
[SourceTitle "playchess.com"]
[Source "ChessBase"]
[SourceQuality "1"]
[TimeControl "300+2"]

1. d4 d5 2. c4 dxc4 3. Nf3 Nf6 4. e3 e6 5. Bxc4 a6 6. O-O c5 7. Be2 {[%emt 0:00:01] D27: Queen's Gambit Accepted: Classical main line: 7 e4!? and 7 a4.} cxd4 8. Nxd4 Be7 9. Nd2 {[%emt 0:00:06] The position is equal.} O-O 10. b3 b5 11. Bb2 Bb7 12. Rc1 {[%emt 0:00:13] 12.a4 is the hot move.} Qd7 13. Bf3 {[%emt 0:00:09] Inhibits Nc6.} Ra7 14. Qe2 Bxf3 15. N2xf3 Rc8 16. Ne5 Qe8 {[%emt 0:00:02] [#]} 17. a4 $146 ({Predecessor:} 17. Rxc8 Qxc8 18. Rc1 Rc7 19. Rxc7 Qxc7 20. Nd3 Qa5 21. Ba1 Qc7 22. Qc2 Qxc2 23. Nxc2 {½-½ (45) Ding,L (2805)-Nakamura,H (2754) Zagreb 2019}) 17... bxa4 18. bxa4 Rac7 19. Rxc7 Rxc7 20. Ra1 Qc8 21. h3 Nbd7 22. Nxd7 Nxd7 23. a5 Bf6 24. Ba3 Bxd4 25. exd4 Rc3 26. Bd6 Rc1+ 27. Rxc1 Qxc1+ $11 {[%emt 0:00:01][%mdl 4096] Endgame KQB-KQN} 28. Kh2 Qc6 29. Bg3 {[%emt 0:00:01][%cal Od4d5] d5! is the strong threat.} h6 30. d5 exd5 31. Qe8+ Kh7 32. Qxf7 d4 (32... Nf6 $14) 33. Qf5+ $16 Kg8 34. Qd3 Qd5 35. Qxa6 d3 36. Qc8+ Nf8 37. a6 {[%emt 0:01:10] Threatens to win with Bf4.} d2 38. a7 d1=Q {[%emt 0:00:07] ( -> ...Qf1)} 39. a8=Q Qxa8 40. Qxa8 {[%emt 0:00:01] KQB-KQN} Qd7 41. Qb8 {[%emt 0:00:01] Hoping for Bd6.} Kf7 42. Bd6 Ng6 43. f4 Ne7 {[%emt 0:00:04] [#]} (43... Qe6 $142 44. Ba3 Qc4) 44. Qb3+ $1 Kg6 45. Be5 Nf5 {[%emt 0:00:10] Against Qg3+} 46. Qc2 Kf7 47. g4 Ne7 48. Kg3 {[%emt 0:00:03] And now Qh7 would win.} g6 49. Bb2 Nd5 50. Qe4 {[%emt 0:00:02] Black must now prevent Qd4.} Qe6 51. Kf3 h5 52. Qd4 hxg4+ 53. hxg4 Ne7 $2 {[%emt 0:00:04][%mdl 8192] [#]} (53... Qc6 $16 {is a better chance.} 54. Qg7+ Ke8) 54. Qg7+ $1 $18 Ke8 55. Qh8+ $2 (55. Bf6 $18 {is the precise move to win.}) 55... Kf7 $16 56. Qg7+ $2 (56. Qe5 $16 Qb3+ 57. Kf2) 56... Ke8 $18 57. Bc3 $2 (57. Bf6 $18) 57... g5 $16 58. Qh8+ ({White should play} 58. fxg5 $16 Qf7+ 59. Kg3) 58... Kf7 (58... Kd7 $11) 59. f5 {[%emt 0:00:06] White wants to mate with Qg7+.} Qd5+ 60. Ke3 {[%emt 0:00:01] Dancing on a razor blade. White is much more active.} (60. Kf2 $16 {aiming for Qh5+.} Qa2+ 61. Bb2) 60... Nxf5+ $11 61. gxf5 Qxf5 62. Qg7+ Ke6 63. Qg8+ Kd7 64. Qg7+ Ke6 65. Bd4 g4 66. Qg8+ Kd7 67. Qg7+ Ke6 68. Kd2 Qe4 69. Qf6+ Kd5 70. Be3 Qb4+ 71. Ke2 Qe4 {[%emt 0:00:02] Against Qf5+} 72. Qf7+ Kd6 73. Qf8+ Kd5 74. Kd2 Qf3 75. Qa8+ Ke5 76. Qe8+ Kf5 77. Qd7+ Kg6 78. Qe6+ Kh7 $2 (78... Kg7 $11) 79. Qh6+ Kg8 80. Qg6+ {[%emt 0:00:01] Weighted Error Value: White=0.34/Black=0.22 (precise)} 1-0

[Event "Superbet Blitz Poland 2022"]
[Site "Warsaw"]
[Date "2022.05.23"]
[Round "18.1"]
[White "Aronian, Levon"]
[Black "Caruana, Fabiano"]
[Result "1/2-1/2"]
[ECO "B90"]
[WhiteElo "2765"]
[BlackElo "2786"]
[Annotator "TA"]
[PlyCount "76"]
[EventDate "2022.05.22"]
[EventType "tourn"]
[EventCountry "POL"]
[SourceTitle "playchess.com"]
[Source "ChessBase"]
[SourceQuality "1"]
[TimeControl "300+2"]

1. e4 c5 2. Nf3 d6 3. d4 cxd4 4. Nxd4 Nf6 5. Nc3 a6 6. Be3 e5 7. Nb3 Be7 8. f3 h5 9. Qd2 Be6 10. O-O-O Nbd7 11. Kb1 Qc7 {[%emt 0:00:05] 11...Rc8 is a critical line. B90: Sicilian Najdorf: Unusual White 6th moves, 6 Be3 Ng4 and 6 Be3 e5.} 12. Nd5 Nxd5 (12... Bxd5 $5 13. exd5 Nb6 $11) 13. exd5 Bf5 {[%emt 0:00:01] White is slightly better.} 14. Bd3 Bxd3 15. Qxd3 b5 16. Bd2 O-O 17. Na5 Rac8 {[%emt 0:00:11] [#]} 18. Rc1 $146 ({Predecessor:} 18. Nc6 Nb8 19. Ba5 Qb7 20. Nxe7+ Qxe7 21. Rhe1 Qf6 22. Rg1 Nd7 23. g4 hxg4 24. Rxg4 {½-½ (38) Rheinstaedtler,K (2387)-Liewer,M (2446) Remote email 2012}) 18... Nb6 19. b3 Bf6 20. c4 bxc4 21. Nxc4 Nxc4 22. Rxc4 Qd7 23. Rhc1 Rxc4 24. Rxc4 ({Much worse is} 24. Qxc4 Qa7 $11) 24... Ra8 25. Rc6 a5 26. a4 {[%emt 0:00:07] White is more active.} g6 27. Ka2 Kg7 28. Bc3 h4 {[%emt 0:00:14] [#]} 29. h3 $1 Bg5 30. Qe4 {[%emt 0:00:20] aiming for f4.} Bf6 31. Be1 Qa7 (31... Bg5 $16) 32. Bxh4 $2 (32. Rxd6 $18 {Rc6 is the strong threat.} Qd4 33. Qxd4 exd4 34. Rc6) 32... Bxh4 $11 33. Qxh4 $18 {[%emt 0:00:01][%mdl 4096] Endgame KQR-KQR} Rb8 {[%emt 0:00:19] [#]} (33... Qg1 $11 {keeps the balance.} 34. Rc2 (34. Rxd6 Qxg2+ 35. Ka3 Qxf3 $15) 34... Rb8) 34. Rxd6 (34. Qe1 $1 $16) 34... Qe3 $11 {[%emt 0:00:06] The position is equal.} 35. Qf6+ $1 Kh6 36. Qh4+ Kg7 37. Qf6+ $1 Kh6 38. Qh4+ Kg7 {[%emt 0:00:01] Weighted Error Value: White=0.16 (very precise) /Black=0.17 (very precise)} 1/2-1/2

[Event "Superbet Blitz Poland 2022"]
[Site "Warsaw"]
[Date "2022.05.23"]
[Round "18.2"]
[White "So, Wesley"]
[Black "Rapport, Richard"]
[Result "1-0"]
[ECO "A61"]
[WhiteElo "2766"]
[BlackElo "2776"]
[Annotator "TA"]
[PlyCount "81"]
[EventDate "2022.05.22"]
[EventType "tourn"]
[EventCountry "POL"]
[SourceTitle "playchess.com"]
[Source "ChessBase"]
[SourceQuality "1"]
[TimeControl "300+2"]

1. d4 e6 2. c4 c5 3. d5 exd5 4. cxd5 d6 5. Nc3 g6 6. Bf4 Nf6 7. Nf3 a6 8. a4 Bg7 9. e3 O-O 10. h3 Ne8 {[%emt 0:00:03] A61: Modern Benoni: Nf3 without early e4.} 11. Be2 Nd7 12. O-O Ne5 {[%emt 0:00:01] White is slightly better.} 13. a5 $5 {[%emt 0:00:03][%mdl 4] 13.Bxe5 is the modern continuation. Exploring less charted territory.} Nxf3+ $1 14. Bxf3 Bd7 {[%emt 0:00:13] [#]} 15. Be2 $146 ({Predecessor:} 15. Qb3 Rb8 16. Qb6 Qxb6 17. axb6 f5 18. Ra5 Rc8 19. Rfa1 Bf6 20. R5a3 Be5 21. Bh6 {1-0 (41) Panchanatham,V (2384)-Sevian,S (2619) Philadelphia 2018}) 15... Rb8 16. Qd2 Qe7 17. Na4 Bxa4 18. Rxa4 b5 (18... Nf6 $11) 19. axb6 $1 $16 Rxb6 20. b4 ({But not} 20. Rxa6 Rxb2 21. Qd1 Be5 $11) 20... cxb4 21. Rxb4 Rxb4 22. Qxb4 Be5 23. Bxa6 {[%emt 0:00:35] White is more active.} Nc7 24. Qb7 Bxf4 25. exf4 {[%emt 0:00:01] [#] Rc1 is the strong threat.} Qd8 26. Rc1 Nxa6 27. Qxa6 $14 {[%emt 0:00:01][%mdl 4096] Endgame KQR-KQR} Qf6 28. g3 Rd8 29. Rc8 Rxc8 30. Qxc8+ $16 {[%emt 0:00:01] KQ-KQ} Kg7 31. Qc4 h5 32. Qb4 Kh7 33. Qe4 Kg7 34. Kg2 Kh7 35. Qb4 Qf5 (35... Qe7 $16 {was called for.}) 36. Qd4 $2 {[%emt 0:00:25] [#]} (36. Qxd6 $18 {Black must now prevent Qe5.} Qe4+ 37. Kh2) 36... Kg8 $11 37. Qc4 Kh7 38. Kh2 Kg8 39. Qc6 Qe4 $2 ({Black should try} 39... Qf6 $14) 40. Qxd6 $18 Qd4 $2 (40... Qf3 {is a better defense.} 41. Qd8+ Kg7) 41. Kg1 {[%emt 0:00:03] Weighted Error Value: White=0.23 (precise) /Black=0.31} 1-0

[Event "Superbet Blitz Poland 2022"]
[Site "Warsaw"]
[Date "2022.05.23"]
[Round "18.3"]
[White "Anand, Viswanathan"]
[Black "Wojtaszek, Radoslaw"]
[Result "1-0"]
[ECO "B50"]
[WhiteElo "2751"]
[BlackElo "2696"]
[Annotator "TA"]
[PlyCount "119"]
[EventDate "2022.05.22"]
[EventType "tourn"]
[EventCountry "POL"]
[SourceTitle "playchess.com"]
[Source "ChessBase"]
[SourceQuality "1"]
[TimeControl "300+2"]

1. e4 c5 2. Nf3 d6 3. Bc4 Nf6 4. d3 g6 5. O-O Nc6 6. c3 Bg7 7. h3 O-O 8. Re1 {[%emt 0:00:01] B50: Sicilian: 2...d6, Miscellaneous.} d5 9. exd5 Nxd5 10. Nbd2 {[%emt 0:00:02] The position is equal.} b6 {[%emt 0:00:11] [#]} 11. Bb3 $146 (11. Nb3 $11) ({Predecessor:} 11. Nf1 e6 12. Bg5 Qc7 13. Qd2 Bb7 14. Ne5 Na5 15. Ng4 f6 16. Bh6 Qf7 17. Bxg7 Kxg7 {0-1 (27) Neubauer,A (2131)-Pirker,G Graz 2002}) 11... Nf4 $17 12. d4 cxd4 13. Ne4 Ne6 14. Bd2 Na5 15. Bxe6 Bxe6 16. Nxd4 Bd5 17. b3 Nc6 18. Nxc6 Bxc6 {[%emt 0:00:01] This bishop pair is nice.} 19. Rc1 (19. f3 $11) 19... Qd7 20. Bg5 Rfd8 21. Qe2 h6 22. Bf4 e5 {[%emt 0:00:20] [#]} (22... Qf5 $15 23. Bg3 Rd7) 23. Bxh6 $1 $14 Bxe4 24. Bxg7 {[%emt 0:00:01] aiming for Bf6.} Bxg2 $1 25. Kxg2 Kxg7 26. Qxe5+ Kg8 27. Qf4 {[%emt 0:00:14] White is more active.} Qd5+ 28. Kg1 Rd7 29. c4 Qd2 30. Qxd2 (30. Re4 {seems wilder.} f5 31. Qxd2 Rxd2 32. Re7) 30... Rxd2 {[%emt 0:00:01][%mdl 4096] Endgame KRR-KRR} 31. a4 Rc8 32. Rc3 {[%emt 0:00:06] Re7 is the strong threat.} Rc7 {[%emt 0:00:34] Prevents Re7.} 33. Rce3 Rb2 34. Rd3 Kg7 35. Kg2 Rc5 36. Rf3 Rg5+ 37. Kf1 Rf5 {[%emt 0:00:10] [#]} (37... Kf8 $14) 38. Rxf5 $1 $16 gxf5 {[%emt 0:00:01] KR-KR} 39. Re3 f4 (39... Rc2 $16 {is a better defense.} 40. Kg2 Kg6) 40. Rd3 Kf6 {[%emt 0:00:01] [#]} (40... Kg6 $16 41. Kg2 Kh5) 41. Kg2 $1 $18 Ke5 42. Kf3 a6 $2 (42... Ke6 {might work better.} 43. h4 (43. Kxf4 Rxf2+ 44. Rf3 Rh2 $16) 43... Rc2) 43. h4 Kf5 44. a5 bxa5 45. Rc3 {[%emt 0:00:01] Threatens to win with c5.} Ke5 $2 (45... Rb1 46. Rd3 f6 47. Rd5+ Kg6) 46. c5 {[%emt 0:00:08] White threatens c6 and mate.} Kd4 {[%emt 0:00:01] [#]} 47. c6 $1 {[%emt 0:00:01] White mates.} Kxc3 (47... a4 48. c7) 48. c7 Rxb3 49. c8=Q+ {[%emt 0:00:03] KQ-KR} Kb2+ 50. Kg2 a4 51. h5 a3 52. h6 f3+ 53. Kh2 Rb6 54. Qh3 a2 55. h7 a1=Q 56. h8=Q+ f6 57. Qd8 Qa5 58. Qd4+ Ka2 59. Qxf3 Rb2 60. Qfd5+ {[%emt 0:00:05] Weighted Error Value: White=0.13 (very precise) /Black=0.36} (60. Qc4+ $142 Ka1 61. Qd1+ Rb1 62. Qdd4+ Rb2 63. Qc1+ Ka2 64. Qdxb2#) 1-0

[Event "Superbet Blitz Poland 2022"]
[Site "Warsaw"]
[Date "2022.05.23"]
[Round "18.4"]
[White "Shevchenko, Kirill"]
[Black "Duda, Jan-Krzysztof"]
[Result "0-1"]
[ECO "C02"]
[WhiteElo "2644"]
[BlackElo "2750"]
[Annotator "TA"]
[PlyCount "140"]
[EventDate "2022.05.22"]
[EventType "tourn"]
[EventCountry "POL"]
[SourceTitle "playchess.com"]
[Source "ChessBase"]
[SourceQuality "1"]
[TimeControl "300+2"]

1. e4 e6 2. d4 d5 3. e5 c5 4. c3 Nc6 5. Nf3 Qb6 6. Bd3 Bd7 7. O-O {[%emt 0:00:07] 7.0-0 is better than 7.dxc5.} cxd4 {[%emt 0:00:03] C02: French: Advance Variation.} 8. Re1 Nge7 9. h4 Nf5 {[%emt 0:00:28] Black has an edge.} 10. Bxf5 exf5 11. cxd4 h6 12. Nc3 Be6 13. Re3 {[%emt 0:00:34] [#]} Be7 $146 ({Predecessor:} 13... Rc8 14. Ne2 Be7 15. h5 O-O 16. Ne1 Kh8 17. Rb3 Qc7 18. Bd2 Qd7 19. Nd3 Rc7 {1-0 (38) Eulering,G (2071)-Schmitz,M (1936) Rottach Egern 2021}) 14. Ne2 Qd8 15. h5 O-O 16. Ne1 a5 17. Nd3 a4 18. Ndf4 Bg5 19. Rg3 Bxf4 20. Nxf4 Kh8 21. Be3 Ne7 22. Qd2 Qb6 23. Nd3 {[%emt 0:00:13][%cal Oe3h6] Strongly threatening Bxh6!} Ng8 24. Nc5 Rfc8 25. Rc1 Qc6 ({Better is} 25... Qa7 $14) 26. Rc3 $16 Qb5 27. Qc2 Ne7 $2 (27... Qb6 $16 {was necessary.} 28. Qd2 (28. Nxa4 Rxc3 29. Nxc3 f4 $14) 28... Kh7) 28. Qc1 $1 $18 Kh7 {[%emt 0:00:30] [#]} (28... f4) 29. Kh2 $2 (29. Rxg7+ $1 $18 Kxg7 30. Bxh6+ Kh7 31. Nxe6) 29... Rc6 {[%emt 0:00:05] [#]} (29... Qe2 $1 $14) 30. Bf4 (30. Bg5 $1 $16 f4 (30... Ng8 31. Kg1) 31. Bxf4 (31. Bxe7 fxg3+ 32. Kxg3 Kg8 $17) (31. Qxf4 Nf5 $11)) 30... Rg8 31. Qc2 Qb4 32. Rgd3 ({But not} 32. Qxa4 Qxa4 33. Nxa4 Rc4 34. Rxc4 dxc4 $14) 32... Ra8 33. a3 Qb5 34. Rg3 Ra7 (34... b6 $14 35. Nb7 (35. Nxe6 fxe6 36. Rxc6 Qxc6 $14) 35... Rxc3 36. Rxc3 Rc8) 35. Qc1 ({White should try} 35. Qd2 $1 {[%cal Og3g7] Black must now prevent Rxg7+!} Ra8 36. Bg5 $1) 35... Ng8 $2 {[%emt 0:00:04][%mdl 8192] [#]} (35... Ra8 $16) 36. Qc2 $2 (36. Rxg7+ $3 {[%mdl 512] mates} Kxg7 37. Rg3+ Kh7 38. Bxh6 f4 {[#]} 39. Qxf4 $1 (39. Bxf4 Rxc5 40. Qb1+ Kh8 $17) 39... Nxh6 40. Nxe6 Rxe6 41. Qg5) 36... Kh8 $2 (36... Ne7 $11) 37. Qd2 (37. Nxe6 $18 fxe6 38. Rxc6 bxc6 39. Rg6) 37... b6 $11 38. Nd3 Rac7 39. Nb4 Rc4 40. Rcd3 Qe8 41. Qd1 Qe7 {[%emt 0:00:02] And now ...Qh4+ would win.} 42. Rh3 {[%emt 0:00:02] Prevents Qh4.} Qd7 43. Rhg3 Kh7 44. Rd2 Rc1 45. Qf3 Re1 46. Nd3 {[%emt 0:00:03] Against Rcc1} (46. Re2 $5 Ra1 47. Bd2 $11) 46... Re4 47. Be3 Rc4 48. Rd1 $2 (48. Qd1 $11 {and White stays safe.}) 48... Rc2 $2 (48... Ne7 $19 {Threatens to win with ...Nc6.} 49. Nf4 Nc6) 49. Rb1 Qb5 (49... Ne7 $11) 50. Nb4 $2 (50. Qd1 $1 $14 {was forced to keep a grip.} Rh4+ 51. Rh3 Rxh3+ 52. gxh3) 50... Rc8 51. Kg1 (51. Rh3 $17) 51... Ne7 $19 52. Re1 $2 (52. Bd2) 52... f4 53. Bd2 Rxe1+ 54. Bxe1 fxg3 55. Qxg3 Nf5 56. Qf4 Qe2 57. Bc3 Qd1+ 58. Kh2 Qxh5+ 59. Kg1 g5 60. Qd2 {[%emt 0:00:02] Prevents Qd1+.} Qg4 {[%emt 0:00:01] aiming for ...Nh4.} 61. Nc2 Nh4 62. Ne1 Bf5 63. f3 {[%emt 0:00:04] Against Be4} Qf4 64. Qf2 Qc1 65. Bd2 Qd1 66. Kh2 Bg6 67. f4 Qh5 68. Kg1 g4 {[%emt 0:00:01][%cal Bg5g4,Bg4g3][%mdl 32] ...Be4 is the strong threat.} 69. f5 Nxf5 {[%emt 0:00:01] ( -> ...g3)} 70. Nd3 g3 {[%emt 0:00:02] What a fight!  Weighted Error Value: White=0.60/Black=0.55} 0-1

[Event "Superbet Blitz Poland 2022"]
[Site "Warsaw"]
[Date "2022.05.23"]
[Round "18.5"]
[White "Gavrilescu, David"]
[Black "Korobov, Anton"]
[Result "0-1"]
[ECO "B53"]
[WhiteElo "2518"]
[BlackElo "2671"]
[Annotator "TA"]
[PlyCount "76"]
[EventDate "2022.05.22"]
[EventType "tourn"]
[EventCountry "POL"]
[SourceTitle "playchess.com"]
[Source "ChessBase"]
[SourceQuality "1"]
[TimeControl "300+2"]

1. e4 c5 2. Nf3 d6 3. d4 cxd4 4. Qxd4 Nf6 5. Nc3 Nc6 6. Qe3 {[%emt 0:00:01] B53: Sicilian: 2...d6: Lines with Qxd4.} g6 7. Be2 Bg7 (7... Bg4 {looks sharper.} 8. Nd5 Bg7 9. O-O O-O) 8. O-O {[%emt 0:00:02] White has an edge.} O-O 9. h3 Nd7 $5 {[%emt 0:00:13][%mdl 4] An interesting side line.} 10. Rd1 a6 11. a4 b6 (11... Nb4 $5 12. Qd2 Nc5 $11) 12. Nd5 {[%emt 0:00:06] [#]} e6 $146 ({Predecessor:} 12... Bb7 13. Ra3 e6 14. Nf4 Nc5 15. Nd3 Qc7 16. b4 Nxe4 17. Qxe4 Nd4 18. Qe3 Nxc2 {0-1 (35) Nemeth,M (2451)-Gaehwiler,G (2421) Corte 2022}) 13. Nf4 Nc5 14. Nd3 Qc7 15. Nxc5 bxc5 16. c3 Rb8 17. Qf4 Ne5 18. Nxe5 Bxe5 19. Qh4 Qc6 20. Bh6 Rxb2 21. Bxf8 Kxf8 22. Bf3 (22. Qh6+ $11 Kg8 23. Qe3) 22... Kg7 $17 {[%emt 0:00:01] Active counter play! White is now going downhill.} 23. Rab1 {[%emt 0:00:05] [#]} (23. Qd8 $142) 23... Rxb1 $1 24. Rxb1 Qxa4 25. Qd8 {[%emt 0:00:28] [#]} (25. Qg5 $17 {is a better defense.}) 25... Bd7 $1 $40 {[%emt 0:00:04][%mdl 128] Black goes for the king.} 26. c4 Qc2 {[%emt 0:00:12] Really sharp!} 27. Rd1 Ba4 28. Rxd6 Qc1+ 29. Rd1 Bxd1 ({And not} 29... Qxc4 30. Qg5 Qc3 31. Rb1 $17) 30. Qxd1 Qxc4 {[%emt 0:00:07][%mdl 4096] Endgame KQB-KQB} 31. g3 a5 {[%emt 0:00:02] ...a4 is the strong threat.} 32. h4 $2 (32. Be2 Qxe4 33. Bd3) 32... a4 {[%emt 0:00:09] aiming for ...a3.} 33. h5 a3 {[%emt 0:00:06] ( -> ...a2)} 34. Qd2 h6 {[%emt 0:00:09] Black mates.} ({Much less strong is} 34... a2 35. h6+ Kh8 36. Qd8#) 35. hxg6 a2 36. Qd7 a1=Q+ 37. Kh2 {[%emt 0:00:02] [#]} Bxg3+ $1 38. fxg3 Qf6 {[%emt 0:00:05] Weighted Error Value: White=0.63/Black=0.06 (flawless)} 0-1